 Dungeon Crawl Stone Soup version 0.30-a0-458-g86641cc369 (webtiles) character file.

Game seed: 10239437050306169090

59 NinjaNoafa the Ducker (level 4, -1/28 HPs)
             Began as a Tengu Gladiator on Dec 14, 2022.
             Killed from afar by Natasha (13 damage)
             ... with a puff of flame
             ... on level 2 of the Dungeon.
             The game lasted 00:02:55 (1047 turns).

NinjaNoafa the Ducker (Tengu Gladiator)             Turns: 1047, Time: 00:02:56

Health: -1/28      AC:  3    Str: 14    XL:     4   Next: 3%
Magic:  5/5        EV: 13    Int:  8    God:
Gold:   73         SH:  0    Dex: 18    Spells: 3/3 levels left

rFire   . . .      SeeInvis .    a - +0 long sword
rCold   . . .      Faith    .    (no shield)
rNeg    . . .      Spirit   .    b - +0 leather armour
rPois   .          Reflect  .    c - +0 hat
rElec   .          Harm     .    (no cloak)
rCorr   .          Rampage  .    (no gloves)
Will    .....                    (boots unavailable)
Stlth   +.........               (no amulet)
HPRegen 0.24/turn                (no ring)
MPRegen 0.09/turn                (no ring)

@: no status effects
A: beak, talons 3
a: no special abilities


You were on level 2 of the Dungeon.
You visited 1 branch of the dungeon, and saw 2 of its levels.

You collected 73 gold pieces.

Inventory:

Hand Weapons
 a - a +0 long sword (weapon)
Missiles
 d - 2 throwing nets (quivered)
 j - 12 stones
Armour
 b - a +0 leather armour (worn)
 c - a +0 hat (worn)
Scrolls
 g - a scroll of blinking {unknown}
 m - 2 scrolls of teleportation {unknown}
 n - a scroll of torment {unknown}
Potions
 f - a potion of lignification {unknown}
 h - 2 potions of curing {unknown}
 i - a potion of ambrosia {unknown}
 k - a potion of might {unknown}
 l - a potion of mutation {unknown}


   Skills:
 * Level 3.1 Fighting
 + Level 3.7 Long Blades
 - Level 2.0 Throwing
 * Level 4.1 Dodging


You had 3 spell levels left.
You didn't know any spells.
Your spell library contained the following spells:

 Spells                   Type           Power      Damage    Failure   Level
 Sublimation of Blood     Necr           0%         N/A       63%         2
 Wereblood                Tmut           0%         N/A       63%         2
 Freezing Cloud           Conj/Ice/Air   0%         6-21      100%        5
 Simulacrum               Ice/Necr       0%         N/A       100%        6
 Summon Hydra             Summ           0%         N/A       100%        7
 Polar Vortex             Ice            0%         N/A       100%        9


Dungeon Overview and Level Annotations

Branches:
Dungeon (2/15)

Altars:

Annotations:
D:2 Natasha


Innate Abilities, Weirdness & Mutations

You have a beak for a mouth.
You have claws for feet.


Message History

You kill the worm!
You have reached level 4!
You feel agile.
You now have 61 gold pieces (gained 10).
Key pressed, stopping explore.
Found a mace.
Found a robe.
Found 6 large rocks.
A rat comes into view.
Found 12 gold pieces.
You see here a +0 robe.
You slash the rat!
You kill the rat!
You now have 73 gold pieces (gained 12).
Found a sling.
Found a stone staircase leading down.
Natasha and a hobgoblin come into view.
Natasha is carrying a wand of flame (26).
Found a book of Changes.
Natasha hisses angrily.
Throw: javelin
Press: ? - help, Q - select action, (/) - cycle Shift-Dir - straight line, f - Natasha
Aim: Natasha, carrying a wand of flame (26) (56% to hit)
You throw a javelin. The javelin barely misses Natasha.
Natasha zaps a wand.
The puff of flame hits you!
Throw: 3 throwing nets
Press: ? - help, Q - select action, (/) - cycle Shift-Dir - straight line, f/p - Natasha
Aim: Natasha, carrying a wand of flame (25) (56% to hit)
You throw a throwing net. The throwing net hits Natasha.
Natasha is caught in the net!
Found 17 gold pieces.
Natasha zaps a wand.
The puff of flame hits you!
Natasha struggles against the net.
The hobgoblin hits you but does no damage.
Natasha struggles against the net.
The hobgoblin misses you.
Natasha zaps a wand.
The puff of flame misses you.
Natasha struggles against the net.
You hit Natasha but do no damage. You peck Natasha.
Natasha is lightly wounded.
Natasha zaps a wand.
The puff of flame hits you!
You die...

######...##
#.........#
#. ......
#.###.....#
#. .....#.
#.....#
#.#......#
##...##
#$....#...
##.##
#:(....#..
#.#
#...#...#
#. #.#
#.h..#..#
#.# #.#
#.@...###.
#.# #.#
#.g..#...#.
##.## #.#
##..#.....#
##...###.#
#.........
#.....##.#
#..#.....#
.........#
##...#...#
#.....####
#.#...###.
##...##
##...#..#
##.##
##.#...###


You could see Natasha (caught) and a hobgoblin.

Vanquished Creatures
  2 adders (D:2)
  A worm (D:2)
  2 dart slugs (D:1)
  4 endoplasms
  2 giant cockroaches (D:1)
  2 goblins
  6 jackals (D:2)
  A kobold (D:1)
  2 quokkas (D:1)
  2 ball pythons (D:1)
  3 bats
  2 frilled lizards (D:1)
  4 rats
33 creatures vanquished.

Notes
Turn   | Place    | Note
-------+----------+-------------------------------------------
     0 | D:1      | NinjaNoafa the Tengu Gladiator began the quest for the Orb.
     0 | D:1      | Reached XP level 1. HP: 12/12 MP: 2/2
   142 | D:1      | Reached XP level 2. HP: 18/18 MP: 3/3
   603 | D:1      | Reached XP level 3. HP: 21/22 MP: 4/4
   830 | D:2      | Reached skill level 4 in Dodging
   941 | D:2      | Reached XP level 4. HP: 21/28 MP: 5/5
  1040 | D:2      | Noticed Natasha
  1047 | D:2      | Killed from afar by Natasha

Illustrated notes

Levels and vault maps discovered:
D:1:      psy_arrival_conway, layout_basic, roderic_lattice_a,
          minmay_misc_feat_plants
D:2:      layout_loops_ring, minmay_splitting_lines, uniq_natasha

Skill      XL: |  1  2  3 |
---------------+----------+-----
Fighting       | 3 |  3.1
Dodging        | 4 |  4.1
Long Blades    | |  3.7
Throwing       | |  2.0

Action                   |  1- 3 |  4- 6 || total
-------------------------+-------+-------++-------
Melee: Long sword        |    58 |     2 ||    60
       Peck              |     8 |     1 ||     9
       Kick              |    13 |       ||    13
Throw: Javelin           |     2 |     1 ||     3
       Throwing net      |       |     1 ||     1
 Stab: Sleeping          |     1 |       ||     1
Armor: Leather armour    |    10 |     1 ||    11
Dodge: Dodged            |    44 |     2 ||    46

Table legend: (Time is in decaauts)
 A = Elapsed time spent in this place.
 B = Non-inter-level travel time spent in this place.
 C = Inter-level travel time spent in this place.
 D = Time resting spent in this place.
 E = Time spent auto-exploring this place.
 F = Levels seen in this place.
 G = Mean time per level.
                   A        B        C        D        E       F      G
               +--------+--------+--------+--------+--------+-----+--------+
         Total |   1065 |   1000 |     65 |      0 |    794 |   2 |  532.5 |
       Dungeon |   1065 |   1000 |     65 |      0 |    794 |   2 |  532.5 |
               +--------+--------+--------+--------+--------+-----+--------+

Top non-repeatable levels by time:
     D:1: 801 daAuts
     D:2: 264 daAuts
